[Event "December 12 Early 2023"]
[Site "https://www.chess.com"]
[Date "2023.12.12"]
[Round "7"]
[White "Silva Lucena, Cristian"]
[Black "Gruzman, Ilya"]
[Result "1-0"]
[Board "120"]
[TimeControl "180+1"]
[WhiteFideId "2232588"]
[BlackFideId "2812703"]
[WhiteElo "2521"]
[BlackElo "2367"]
[WhiteTeam "ESP"]
[BlackTeam "ISR"]
[WhiteClock "0:00:11"]
[BlackClock "0:00:15"]

1. d4 Nf6 2. c4 g6 3. Nc3 Bg7 4. e4 O-O 5. f3 d6 6. Be3 c5 7. Nge2 cxd4 8. Nxd4 Nc6 9. Qd2 Bd7 10. Be2 Rc8 11. O-O Nxd4 12. Bxd4 Bc6 13. Rac1 Nd7 14. Bxg7 Kxg7 15. Kh1 a5 16. b3 Nc5 17. Rfd1 f5 18. exf5 Rxf5 19. Bd3 Nxd3 20. Qxd3 Qf8 21. Rf1 Qf6 22. Rce1 Rf8 23. Ne4 Bxe4 24. Rxe4 Re5 25. Rfe1 Rxe4 26. Qxe4 Rf7 27. Qxb7 Qb2 28. Qe4 Qxa2 29. Qd4+ Kg8 30. Qc3 Qa3 31. Ra1 Qc5 32. Rxa5 Qf2 33. Ra1 Rf5 34. b4 Re5 35. b5 Re3 36. Qc1 Rb3 37. Rb1 Qd2 38. Qf1 Qc2 39. Rxb3 Qxb3 40. h3 Kf7 41. Qc1 d5 42. Qf4+ Kg8 43. Qb8+ Kf7 44. c5 d4 45. Qf4+ Kg8 46. Qxd4 Qxb5 47. Qd5+ Kg7 48. Qd4+ Kg8 49. Qe5 e6 50. Qxe6+ Kg7 51. Qe7+ Kh6 52. Qf8+ Kg5 53. Qd6 h5 54. c6 Qc4 55. c7 Kh4 56. Kh2 Kg5 57. Qd8+ Kh6 58. c8=Q Qf4+ 59. g3 Qd2+ 60. Qxd2+ 1-0

[Event "December 12 Early 2023"]
[Site "https://www.chess.com"]
[Date "2023.12.12"]
[Round "7"]
[White "IranianCheetah"]
[Black "Baches Garcia, Guillermo"]
[Result "1-0"]
[Board "121"]
[TimeControl "180+1"]
[BlackFideId "2209764"]
[WhiteElo "2337"]
[BlackElo "2488"]
[BlackTeam "ESP"]
[WhiteClock "0:00:02"]
[BlackClock "0:00:00"]

1. e4 d5 2. exd5 Qxd5 3. Nc3 Qa5 4. d4 Nf6 5. Nf3 Bf5 6. Bc4 e6 7. Ne5 Nbd7 8. Qe2 Nxe5 9. dxe5 Ne4 10. Bd2 Nxd2 11. Kxd2 O-O-O+ 12. Bd3 Bb4 13. g4 Bg6 14. f4 Rd4 15. Rhf1 Bxd3 16. cxd3 Rhd8 17. Rf3 g6 18. a3 Bxc3+ 19. bxc3 Ra4 20. Rff1 Rxa3 21. Rxa3 Qxa3 22. Rc1 Qa4 23. Qe3 b6 24. Rc2 Qc6 25. c4 Qg2+ 26. Qe2 Qc6 27. Kc3 Kb7 28. Qg2 a5 29. Qxc6+ Kxc6 30. d4 Rh8 31. Kd3 h5 32. g5 Rd8 33. Ke4 Kb7 34. h4 c6 35. Ra2 Ka6 36. Ra1 Rd7 37. Ra2 b5 38. c5 b4 39. Kd3 Kb5 40. Ra1 a4 41. f5 gxf5 42. g6 fxg6 43. Rg1 Rg7 44. Ke3 Kc4 45. Rc1+ Kb3 46. d5 exd5 47. Kf4 Kb2 48. Re1 a3 49. Re2+ Kb1 50. Re1+ Kc2 51. Re2+ Kc3 52. e6 Re7 53. Ke5 b3 54. Kd6 Re8 55. Kd7 Rxe6 56. Rxe6 b2 57. Re3+ Kd2 58. Rxa3 b1=Q 59. Kxc6 d4 60. Ra4 Qe4+ 61. Kd6 Qf4+ 62. Kd7 Qe5 63. Ra2+ Ke3 64. c6 Ke4 65. Re2+ 1-0

[Event "December 12 Early 2023"]
[Site "https://www.chess.com"]
[Date "2023.12.12"]
[Round "7"]
[White "Tuleyeva-Aketayeva, Dana"]
[Black "Goncalves, Davi Sulzbacher"]
[Result "0-1"]
[Board "122"]
[TimeControl "180+1"]
[WhiteFideId "13701932"]
[BlackFideId "2154510"]
[WhiteElo "2320"]
[BlackElo "2470"]
[WhiteTeam "KAZ"]
[BlackTeam "BRA"]
[WhiteClock "0:00:00"]
[BlackClock "0:00:15"]

1. d4 Nf6 2. Nf3 d5 3. g3 Bf5 4. Bg2 Qc8 5. O-O Bh3 6. c4 h5 7. cxd5 h4 8. Qa4+ c6 9. dxc6 Nxc6 10. Bg5 hxg3 11. fxg3 Bxg2 12. Kxg2 Qh3+ 13. Kf2 Ne4+ 14. Ke1 e6 15. Nc3 Bb4 16. Bd2 Nxd2 17. Kxd2 O-O 18. Rad1 Rac8 19. Ke1 Bd6 20. Kf2 g5 21. d5 Ne5 22. Nxe5 Qxh2+ 23. Kf3 Bxe5 24. Qg4 Qh6 25. dxe6 f5 26. Qa4 g4+ 27. Kf2 Qh3 28. Rg1 Qh2+ 29. Rg2 Bxg3+ 30. Ke3 Qxg2 31. e7 Qf2+ 0-1

[Event "December 12 Early 2023"]
[Site "https://www.chess.com"]
[Date "2023.12.12"]
[Round "7"]
[White "Vincenti, Leonardo"]
[Black "Hrebenshchykova, Yelyzaveta"]
[Result "0-1"]
[Board "123"]
[TimeControl "180+1"]
[WhiteFideId "28550820"]
[BlackFideId "14159899"]
[WhiteElo "2240"]
[BlackElo "2467"]
[WhiteTeam "ITA"]
[BlackTeam "UKR"]
[WhiteClock "0:00:00"]
[BlackClock "0:00:06"]

1. e4 c5 2. Nf3 e6 3. d4 cxd4 4. Nxd4 Nc6 5. Nc3 Qc7 6. Be3 a6 7. g3 b5 8. Bg2 Bb7 9. O-O Nf6 10. Nxc6 Bxc6 11. Qd3 b4 12. Ne2 e5 13. f4 Ng4 14. fxe5 Nxe3 15. Qxe3 Qxe5 16. Nd4 Bc5 17. Rad1 O-O 18. Rf5 Qe7 19. Kh1 Bb7 20. Rh5 d6 21. Qf4 Rae8 22. Nf5 Qf6 23. Rg5 g6 24. Qh4 Qxb2 25. Qh6 Bxe4 26. Bxe4 Rxe4 27. Nh4 Qg7 28. Nf5 Qxh6 29. Nxh6+ Kg7 30. Rg4 Re2 31. Nf5+ Kf6 32. Nxd6 Rd8 33. Ne4+ Rxe4 34. Rf1+ Ke5 35. Rg5+ f5 36. g4 Rf4 37. Re1+ Kf6 38. h4 Rxg4 39. Rxg4 fxg4 40. Rf1+ Ke5 41. Rf7 Rd2 42. Rxh7 g3 43. Re7+ Kf4 0-1

[Event "December 12 Early 2023"]
[Site "https://www.chess.com"]
[Date "2023.12.12"]
[Round "7"]
[White "Begunov, Konstantin"]
[Black "Mishra, Manoj"]
[Result "0-1"]
[Board "124"]
[TimeControl "180+1"]
[WhiteFideId "4118510"]
[BlackFideId "5006007"]
[WhiteElo "2431"]
[BlackElo "2264"]
[WhiteTeam "RUS"]
[BlackTeam "IND"]
[WhiteClock "0:00:26"]
[BlackClock "0:00:04"]

1. d4 Nf6 2. c4 g6 3. f3 Bg7 4. e4 d6 5. Nc3 O-O 6. Be3 Nc6 7. Nge2 a6 8. a3 e5 9. d5 Ne7 10. Qd2 Nd7 11. O-O-O f5 12. b4 a5 13. Kb2 axb4 14. axb4 c6 15. dxc6 Nxc6 16. Qxd6 Rf6 17. Qd5+ Kh8 18. Qb5 fxe4 19. Nxe4 Qf8 20. c5 Qf7 21. N2c3 Nd4 22. Qc4 Qf8 23. Nxf6 Nxf6 24. Bxd4 exd4 25. Rxd4 Nd7 26. Rf4 Qe7 27. Rf7 Qe1 28. Rxg7 Qd2+ 29. Kb3 Kxg7 30. Bd3 Ne5 31. Qd4 Be6+ 32. Nd5 Qa2+ 33. Kc3 Ra3# 0-1

[Event "December 12 Early 2023"]
[Site "https://www.chess.com"]
[Date "2023.12.12"]
[Round "7"]
[White "Marchesich, Giovanni"]
[Black "Vanek, Tomas"]
[Result "1/2-1/2"]
[Board "125"]
[TimeControl "180+1"]
[WhiteFideId "2824790"]
[BlackFideId "313459"]
[WhiteElo "2427"]
[BlackElo "2231"]
[WhiteTeam "ITA"]
[BlackTeam "CZE"]
[WhiteClock "0:00:27"]
[BlackClock "0:00:42"]

1. Nc3 f5 2. e4 fxe4 3. Nxe4 Nf6 4. Bd3 d5 5. Nxf6+ exf6 6. Qh5+ g6 7. Bxg6+ hxg6 8. Qxh8 Qe7+ 9. Ne2 Nc6 10. c3 Ne5 11. O-O Nd3 12. Qg8 Qxe2 13. Qxg6+ Kd8 14. Qxf6+ Be7 15. Qh8+ Kd7 16. b3 Bd6 17. Bb2 Kc6 18. c4 dxc4 19. Qd4 Be6 20. bxc4 Rg8 21. Bc3 Qf3 22. g3 Bxg3 23. fxg3 Rxg3+ 24. hxg3 Qxg3+ 25. Kh1 Qh3+ 26. Kg1 Qg3+ 27. Kh1 Qh3+ 28. Kg1 Qg3+ 1/2-1/2

[Event "December 12 Early 2023"]
[Site "https://www.chess.com"]
[Date "2023.12.12"]
[Round "7"]
[White "Dyulgerov, Volen"]
[Black "Pertinez Soria, Juan Luis"]
[Result "1-0"]
[Board "126"]
[TimeControl "180+1"]
[WhiteFideId "2918978"]
[BlackFideId "2225620"]
[WhiteElo "2416"]
[BlackElo "2217"]
[WhiteTeam "BUL"]
[BlackTeam "ESP"]
[WhiteClock "0:01:23"]
[BlackClock "0:01:57"]

1. e4 c5 2. Nf3 d6 3. d4 cxd4 4. Nxd4 Nf6 5. Nc3 a6 6. Bc4 e5 7. Nf3 Be6 8. Bxe6 fxe6 9. O-O Be7 10. Ng5 Qc8 11. f4 O-O 12. f5 exf5 13. exf5 Nc6 14. Nd5 h6 15. Ne6 Rf7 16. Nxe7+ Nxe7 17. Qxd6 Qxc2 18. Qxe5 Ng4 19. Qd4 Rxf5 20. Qxg7# 1-0

[Event "December 12 Early 2023"]
[Site "https://www.chess.com"]
[Date "2023.12.12"]
[Round "7"]
[White "Kolmagorov, Alexey"]
[Black "Hua, Lefong"]
[Result "0-1"]
[Board "127"]
[TimeControl "180+1"]
[WhiteFideId "34129402"]
[BlackFideId "2602253"]
[WhiteElo "2366"]
[BlackElo "2653"]
[WhiteTeam "RUS"]
[BlackTeam "CAN"]
[WhiteClock "0:00:00"]
[BlackClock "0:01:21"]

1. d4 Nf6 2. c4 c5 3. d5 e6 4. Nc3 exd5 5. cxd5 d6 6. g3 g6 7. Bg2 Bg7 8. Nf3 O-O 9. O-O a6 10. a4 Re8 11. Re1 Ne4 12. Nxe4 Rxe4 13. Qc2 Rb4 14. Ra2 Bf5 15. e4 Bg4 16. Bd2 Bxf3 17. Bxf3 a5 18. Bxb4 axb4 19. e5 Bxe5 20. Rxe5 dxe5 21. Qxc5 Na6 22. Qb5 Rb8 23. Ra1 Qd6 24. Rc1 Kg7 25. Rc4 h5 26. h4 Kh6 27. Kg2 Kg7 28. a5 Kh6 29. Qb6 Qxb6 30. axb6 Rd8 31. Rc7 f5 32. Rxb7 e4 33. Be2 Nc5 34. Rc7 Rxd5 35. b7 Nxb7 36. Rxb7 Rd2 37. Bc4 Rxb2 38. Bg8 g5 39. Rb6+ Kg7 40. Be6 e3 41. Kg1 e2 42. Rb7+ Kf6 0-1

[Event "December 12 Early 2023"]
[Site "https://www.chess.com"]
[Date "2023.12.12"]
[Round "7"]
[White "Thorfinnsson, Bjorn"]
[Black "Nita, Lucian"]
[Result "1-0"]
[Board "128"]
[TimeControl "180+1"]
[WhiteFideId "2300982"]
[BlackFideId "1206923"]
[WhiteElo "2601"]
[BlackElo "2365"]
[WhiteTeam "ISL"]
[BlackTeam "ROU"]
[WhiteClock "0:00:38"]
[BlackClock "0:00:04"]

1. d4 d6 2. Nf3 Nf6 3. Bg5 Nbd7 4. e3 e5 5. Nbd2 Be7 6. c3 O-O 7. Qc2 Ne8 8. Bxe7 Qxe7 9. Bd3 g6 10. h4 f5 11. h5 e4 12. Bc4+ Kg7 13. hxg6 hxg6 14. Ng1 Nb6 15. Bb3 Be6 16. Ne2 Rh8 17. O-O-O Nf6 18. Nf4 Bxb3 19. Qxb3 d5 20. a4 a5 21. Qc2 g5 22. Nh3 Kg6 23. f3 Rh7 24. fxe4 Nxe4 25. Nf3 Nd7 26. Qb3 Ng3 27. Rhe1 Rxh3 28. gxh3 Qd6 29. Qb5 Nb6 30. Ne5+ Kf6 31. Rg1 Ne4 32. Rdf1 Rh8 33. Qe2 Rxh3 34. Qg4 Rh7 35. Qxf5+ Kg7 36. Rxg5+ Nxg5 37. Qxg5+ Kh8 38. Ng6+ Kg7 39. Ne7+ 1-0

[Event "December 12 Early 2023"]
[Site "https://www.chess.com"]
[Date "2023.12.12"]
[Round "7"]
[White "Martinez Fernandez, Adrian"]
[Black "Gutkin, Ilya"]
[Result "1-0"]
[Board "129"]
[TimeControl "180+1"]
[WhiteFideId "32049048"]
[BlackFideId "16203470"]
[WhiteElo "2535"]
[BlackElo "2363"]
[WhiteTeam "ESP"]
[BlackTeam "GER"]
[WhiteClock "0:00:04"]
[BlackClock "0:00:00"]

1. e4 e5 2. Nf3 Nc6 3. Bb5 Nf6 4. O-O Nxe4 5. d4 Nd6 6. Bxc6 dxc6 7. dxe5 Nf5 8. Qxd8+ Kxd8 9. Nc3 Be7 10. h3 h6 11. g4 Nh4 12. Nxh4 Bxh4 13. f4 Be6 14. f5 Bc4 15. Rd1+ Ke7 16. b3 Ba6 17. Ba3+ Ke8 18. Ne4 b6 19. c4 c5 20. Bb2 Bb7 21. Nc3 h5 22. Nd5 Bxd5 23. Rxd5 hxg4 24. hxg4 Bg5 25. Kg2 Bf4 26. Rh1 Rxh1 27. Kxh1 Ke7 28. Kg2 g5 29. a4 Rh8 30. Ba3 Rh2+ 31. Kf1 Ra2 32. Bxc5+ bxc5 33. Rxc5 Kd7 34. Rd5+ Kc6 35. e6 fxe6 36. fxe6 Bd6 37. Rxg5 Rb2 38. Rb5 a6 39. Rb8 Be7 40. Ke1 Rg2 41. Ra8 Kb7 42. Re8 Bb4+ 43. Kd1 Rxg4 44. Kc2 Re4 45. Kd3 Re1 46. Kd4 Kc6 47. Kd3 a5 48. Kc2 Re3 49. Kb2 Re2+ 50. Kb1 Bd6 51. Kc1 Kc5 52. Kd1 1-0

[Event "December 12 Early 2023"]
[Site "https://www.chess.com"]
[Date "2023.12.12"]
[Round "7"]
[White "NovakRatko"]
[Black "Vakhidov, Shahzod"]
[Result "0-1"]
[Board "130"]
[TimeControl "180+1"]
[BlackFideId "14205270"]
[WhiteElo "2359"]
[BlackElo "2525"]
[BlackTeam "UZB"]
[WhiteClock "0:01:10"]
[BlackClock "0:01:49"]

1. d4 Nf6 2. c4 c5 3. dxc5 g6 4. Nc3 Bg7 5. e4 Nc6 6. Be3 O-O 7. f3 Qa5 8. Qd2 b6 9. cxb6 Ba6 10. bxa7 Rfc8 11. Nd5 Nxd5 12. Qxa5 Nxa5 13. cxd5 Bxf1 14. Kxf1 Nc4 15. Bf2 Bxb2 16. Rd1 Ba3 17. Ne2 Bc5 18. Bxc5 Rxc5 19. Rc1 Rxa7 20. Kf2 Rxa2 21. Rc3 d6 22. Rhc1 Ne5 23. Rxc5 Nd3+ 24. Ke3 Nxc5 25. Rc2 Rxc2 0-1

[Event "December 12 Early 2023"]
[Site "https://www.chess.com"]
[Date "2023.12.12"]
[Round "7"]
[White "Gavrilov, Maxim"]
[Black "Georg, Heinz"]
[Result "1-0"]
[Board "131"]
[TimeControl "180+1"]
[WhiteFideId "24271454"]
[BlackFideId "4607295"]
[WhiteElo "2499"]
[BlackElo "2353"]
[WhiteTeam "RUS"]
[BlackTeam "GER"]
[WhiteClock "0:00:13"]
[BlackClock "0:00:06"]

1. d4 f5 2. c4 Nf6 3. Nf3 g6 4. g3 Bg7 5. Bg2 O-O 6. O-O d6 7. Nc3 Qe8 8. d5 a5 9. Nd4 Na6 10. a3 Bd7 11. Rb1 c6 12. b4 axb4 13. axb4 Nxb4 14. Ne6 Bxe6 15. dxe6 c5 16. Bxb7 Rb8 17. Bg2 Qc8 18. e4 fxe4 19. Bg5 Qxe6 20. Bxf6 Bxf6 21. Nxe4 Bd4 22. Kh1 Kh8 23. Re1 Qf5 24. f4 Na2 25. Rxb8 Rxb8 26. Ng5 Rb2 27. Bh3 Nc3 28. Qf3 Qc2 29. Qa8+ Kg7 30. Rxe7+ 1-0

[Event "December 12 Early 2023"]
[Site "https://www.chess.com"]
[Date "2023.12.12"]
[Round "7"]
[White "Gallegos Diaz, Carlos Alberto"]
[Black "Rangel, Daniel"]
[Result "0-1"]
[Board "132"]
[TimeControl "180+1"]
[WhiteFideId "3900886"]
[BlackFideId "2124475"]
[WhiteElo "2350"]
[BlackElo "2498"]
[WhiteTeam "VEN"]
[BlackTeam "BRA"]
[WhiteClock "0:00:04"]
[BlackClock "0:01:26"]

1. e4 c5 2. Nf3 g6 3. d3 Bg7 4. Nbd2 Nc6 5. Be2 e6 6. c3 Nge7 7. O-O O-O 8. Re1 d5 9. h3 d4 10. cxd4 Nxd4 11. Nxd4 Bxd4 12. Nb3 Nc6 13. Nxd4 Nxd4 14. Bh6 Re8 15. Rc1 b6 16. Qd2 e5 17. Bg5 f6 18. Be3 Be6 19. Bd1 Qd7 20. b3 a5 21. f4 Nc6 22. Rf1 Rad8 23. fxe5 fxe5 24. Bg5 Qxd3 25. Qf2 Rf8 26. Bf3 Rde8 27. Qh4 Nd4 28. Rcd1 Qc3 29. Kh1 Nxf3 30. gxf3 Rxf3 31. Kh2 Rxh3+ 0-1

[Event "December 12 Early 2023"]
[Site "https://www.chess.com"]
[Date "2023.12.12"]
[Round "7"]
[White "Yashmetov, Mikhail"]
[Black "Buscar, Michael"]
[Result "1-0"]
[Board "133"]
[TimeControl "180+1"]
[WhiteFideId "24198900"]
[BlackFideId "2603616"]
[WhiteElo "2490"]
[BlackElo "2333"]
[WhiteTeam "RUS"]
[BlackTeam "CAN"]
[WhiteClock "0:01:47"]
[BlackClock "0:00:13"]

1. Nf3 d5 2. d4 c5 3. g3 Nc6 4. Bg2 Nf6 5. O-O e6 6. c4 Be7 7. Nc3 O-O 8. cxd5 exd5 9. b3 Ne4 10. Bb2 Nxc3 11. Bxc3 Bf6 12. Qd2 Bg4 13. dxc5 d4 14. Bb2 Qe7 15. b4 Rfe8 16. Nxd4 Nxd4 17. Bxd4 Bxe2 18. Bxf6 Qxf6 19. Rfe1 Rad8 20. Qf4 Qxf4 21. gxf4 b6 22. c6 Ba6 23. a4 Kf8 24. b5 Bc8 25. Bf3 Be6 26. Kg2 Rd4 27. Re4 Red8 28. a5 Rxe4 29. Bxe4 Rd4 30. axb6 axb6 31. Ra8+ Ke7 32. f5 Rxe4 33. fxe6 Rxe6 34. c7 1-0

[Event "December 12 Early 2023"]
[Site "https://www.chess.com"]
[Date "2023.12.12"]
[Round "7"]
[White "Zhuk, Valeriy"]
[Black "Spichkin, Alexander"]
[Result "1-0"]
[Board "134"]
[TimeControl "180+1"]
[WhiteFideId "24151254"]
[BlackFideId "4144074"]
[WhiteElo "2345"]
[BlackElo "2482"]
[WhiteTeam "RUS"]
[BlackTeam "RUS"]
[WhiteClock "0:00:10"]
[BlackClock "0:01:29"]

1. Nf3 f5 2. d3 d6 3. e4 e5 4. Nc3 Nf6 5. Bg5 Nc6 6. d4 exd4 7. Nxd4 Nxd4 8. Qxd4 Be7 9. Bc4 c5 10. Qe3 Ng4 11. Bxe7 Nxe3 12. Bxd8 Nxc4 13. Bh4 Nxb2 14. O-O O-O 15. Be7 Re8 16. Bxd6 fxe4 17. Bxc5 Bf5 18. Nd5 b6 19. Ne7+ Kh8 20. Nxf5 bxc5 21. Rab1 Nc4 22. Rb7 e3 23. fxe3 Nxe3 24. Nxe3 Rxe3 25. Rff7 Rg8 26. Rxa7 Re2 27. Rf2 Re1+ 28. Rf1 Re2 29. c3 Rc2 30. Rf3 Rd8 31. h3 h6 32. Kh2 Rdd2 33. Rg3 g5 34. a4 Kg8 35. h4 Rd5 36. hxg5 hxg5 37. a5 Ra2 38. Re3 Rf5 39. Re8+ Rf8 40. Rxf8+ Kxf8 41. a6 Ra3 42. c4 g4 43. Rc7 Rxa6 44. Rxc5 Ra3 45. Rg5 Rc3 46. c5 g3+ 47. Kh3 Kf7 48. Kg4 Kf6 49. Rd5 Rc4+ 50. Kxg3 Kg6 51. Kf3 Kf6 52. g4 Kg6 53. g5 Rh4 54. Ke3 Ra4 55. Kd3 Rh4 56. c6 Ra4 57. c7 Ra8 58. Rd8 Ra3+ 59. Kd4 Kxg5 60. c8=Q Rf3 61. Rg8+ Kf4 62. Qg4# 1-0

[Event "December 12 Early 2023"]
[Site "https://www.chess.com"]
[Date "2023.12.12"]
[Round "7"]
[White "Luukkonen, Tommi"]
[Black "Liu, Casper"]
[Result "1/2-1/2"]
[Board "135"]
[TimeControl "180+1"]
[WhiteFideId "501808"]
[BlackFideId "1454153"]
[WhiteElo "2326"]
[BlackElo "2450"]
[WhiteTeam "FIN"]
[BlackTeam "DEN"]
[WhiteClock "0:00:08"]
[BlackClock "0:00:03"]

1. e4 c6 2. Nc3 d5 3. Nf3 dxe4 4. Nxe4 Nf6 5. Qe2 Nxe4 6. Qxe4 Nd7 7. Bc4 Nf6 8. Ne5 e6 9. Qe2 Be7 10. O-O O-O 11. c3 c5 12. d4 cxd4 13. Rd1 a6 14. Rxd4 Qa5 15. Bg5 Nd5 16. Rxd5 exd5 17. Bxe7 Re8 18. Nxf7 Kxf7 19. b4 Qb6 20. Qf3+ Kxe7 21. Re1+ Kd8 22. Qxd5+ Bd7 23. Rxe8+ Kxe8 24. Qg8+ Ke7 25. Qxa8 Qf6 26. Qxb7 Qxc3 27. Qe4+ Kd8 28. g3 Kc7 29. Qf4+ Kb6 30. Qd6+ Bc6 31. Qc5+ Kc7 32. Qe7+ Kb8 33. Qf8+ Ka7 34. Qe7+ Kb8 35. Qd8+ Kb7 36. Qe7+ Kb8 1/2-1/2

[Event "December 12 Early 2023"]
[Site "https://www.chess.com"]
[Date "2023.12.12"]
[Round "7"]
[White "Mestnikov, Aisen"]
[Black "Shapiro, Daniel"]
[Result "1-0"]
[Board "136"]
[TimeControl "180+1"]
[WhiteFideId "34130117"]
[BlackFideId "2001780"]
[WhiteElo "2449"]
[BlackElo "2319"]
[WhiteTeam "RUS"]
[BlackTeam "USA"]
[WhiteClock "0:00:57"]
[BlackClock "0:00:00"]

1. d4 Nf6 2. c4 e6 3. g3 d5 4. Bg2 Bb4+ 5. Bd2 Be7 6. Nf3 c6 7. O-O O-O 8. Qc2 b6 9. Bf4 Nbd7 10. Rd1 Bb7 11. Nc3 Rc8 12. Qa4 a5 13. Nd2 dxc4 14. Qxc4 b5 15. Qb3 Nd5 16. e4 Nxf4 17. gxf4 b4 18. Na4 c5 19. Nc4 cxd4 20. Rxd4 Qc7 21. Rad1 Nf6 22. e5 Nd5 23. f5 Kh8 24. Qh3 Bg5 25. Nd6 Rcd8 26. Nxb7 Qxb7 27. fxe6 fxe6 28. Qxe6 Qf7 29. Qxf7 Rxf7 30. Rxd5 Rdf8 31. Nc5 Re7 32. Rd8 1-0

[Event "December 12 Early 2023"]
[Site "https://www.chess.com"]
[Date "2023.12.12"]
[Round "7"]
[White "Pourkashiyan, Atousa"]
[Black "Sarkar, Justin"]
[Result "1-0"]
[Board "137"]
[TimeControl "180+1"]
[WhiteFideId "12502014"]
[BlackFideId "2010011"]
[WhiteElo "2437"]
[BlackElo "2318"]
[WhiteTeam "USA"]
[BlackTeam "USA"]
[WhiteClock "0:02:05"]
[BlackClock "0:00:09"]

1. e4 g5 2. d4 Bg7 3. Bxg5 c5 4. Be3 Qb6 5. Nc3 cxd4 6. Nd5 Qc5 7. Bf4 e5 8. Bd2 a6 9. Nf3 d6 10. b4 Qc6 11. b5 axb5 12. Bxb5 1-0

[Event "December 12 Early 2023"]
[Site "https://www.chess.com"]
[Date "2023.12.12"]
[Round "7"]
[White "Horcajuelo Rocamora, Martin"]
[Black "Tarasova, Viktoriya"]
[Result "1-0"]
[Board "138"]
[TimeControl "180+1"]
[WhiteFideId "24573027"]
[BlackFideId "4175840"]
[WhiteElo "2429"]
[BlackElo "2318"]
[WhiteTeam "ESP"]
[BlackTeam "RUS"]
[WhiteClock "0:01:11"]
[BlackClock "0:00:00"]

1. e4 e5 2. Nf3 Nc6 3. Bc4 Bc5 4. O-O Nf6 5. d3 h6 6. c3 d6 7. h3 a6 8. d4 Bb6 9. Re1 O-O 10. Nbd2 Re8 11. d5 Ne7 12. Bd3 Ng6 13. Nf1 Rf8 14. Ng3 Nh7 15. Nf5 Nf4 16. Bxf4 exf4 17. N5d4 Ng5 18. e5 Nxf3+ 19. Nxf3 dxe5 20. Nxe5 Qg5 21. Nf3 Qf6 22. Qe2 Bd7 23. Qe5 Qd6 24. Bf5 Bxf5 25. Qxf5 Rfe8 26. c4 Ba5 27. Re4 Rxe4 28. Qxe4 Bb6 29. Re1 Qc5 30. Re2 Qd6 31. a3 Rd8 32. b4 Ba7 33. Nh4 c6 34. Nf5 Qf6 35. d6 Qg5 36. Ne7+ Kh8 37. c5 f3 38. Qxf3 b6 39. Qxf7 bxc5 40. Ng6+ Kh7 41. Nf8+ Kh8 42. Ne6 Rb8 43. Nxg5 1-0

[Event "December 12 Early 2023"]
[Site "https://www.chess.com"]
[Date "2023.12.12"]
[Round "7"]
[White "Mizzi, Jack"]
[Black "Filippova, Margarita"]
[Result "1-0"]
[Board "139"]
[TimeControl "180+1"]
[WhiteFideId "5602521"]
[BlackFideId "34199680"]
[WhiteElo "2428"]
[BlackElo "2317"]
[WhiteTeam "MLT"]
[BlackTeam "RUS"]
[WhiteClock "0:00:17"]
[BlackClock "0:00:13"]

1. d4 d5 2. c4 e6 3. Nf3 Nf6 4. g3 Be7 5. Bg2 O-O 6. O-O dxc4 7. Ne5 Nc6 8. Bxc6 bxc6 9. Nxc6 Qe8 10. Nxe7+ Qxe7 11. Qc2 c5 12. b3 cxd4 13. Ba3 Qd7 14. Bxf8 Kxf8 15. Qxc4 Bb7 16. Rd1 e5 17. Nd2 Rc8 18. Qb4+ Kg8 19. Rac1 Rd8 20. Nf3 Bxf3 21. exf3 h6 22. Qc5 Qf5 23. f4 Ng4 24. Qe7 Rd7 25. Qe8+ Kh7 26. h3 Nf6 27. Qxe5 Qxh3 28. Rxd4 Ng4 29. Qe4+ g6 30. Rc2 Rc7 31. Rdd2 Rxc2 32. Rxc2 Qh5 33. b4 Nh2 34. Rc3 Ng4 35. Qg2 Qb5 36. a3 Kg7 37. f3 Ne3 38. Rxe3 Qd5 39. Qf2 Qd1+ 40. Kg2 Qd4 41. Re4 Qd1 42. Qd4+ Qxd4 43. Rxd4 1-0

[Event "December 12 Early 2023"]
[Site "https://www.chess.com"]
[Date "2023.12.12"]
[Round "7"]
[White "Mazurkiewicz, Michal"]
[Black "Marcziter, Dmitrii"]
[Result "1-0"]
[Board "140"]
[TimeControl "180+1"]
[WhiteFideId "1124943"]
[BlackFideId "13900765"]
[WhiteElo "2424"]
[BlackElo "2314"]
[WhiteTeam "POL"]
[BlackTeam "GER"]
[WhiteClock "0:02:56"]
[BlackClock "0:00:00"]

1. e4 c5 2. Nf3 a6 3. g3 e6 4. Bg2 Nc6 5. d3 Rb8 6. a4 d5 7. e5 Nge7 8. O-O b5 9. axb5 axb5 10. Re1 Bb7 11. h4 h6 12. h5 Nf5 13. c3 Be7 14. Bf4 Qc7 15. Nbd2 1-0

[Event "December 12 Early 2023"]
[Site "https://www.chess.com"]
[Date "2023.12.12"]
[Round "7"]
[White "Bogaudinov, Rushan"]
[Black "Antonio, Jorge Carlos"]
[Result "1-0"]
[Board "141"]
[TimeControl "180+1"]
[WhiteFideId "4129288"]
[BlackFideId "113190"]
[WhiteElo "2423"]
[BlackElo "2309"]
[WhiteTeam "RUS"]
[BlackTeam "ARG"]
[WhiteClock "0:00:12"]
[BlackClock "0:00:30"]

1. d4 d5 2. Nf3 c6 3. e3 Nf6 4. Be2 Bf5 5. O-O e6 6. b3 Be7 7. Bb2 O-O 8. c4 Nbd7 9. Nc3 Rc8 10. a4 Ne4 11. Nxe4 Bxe4 12. Nd2 Bg6 13. c5 b6 14. b4 a5 15. cxb6 Qxb6 16. b5 c5 17. dxc5 Nxc5 18. Bd4 Bf6 19. Bxf6 gxf6 20. Nf3 Ne4 21. Bd3 Nc5 22. Bxg6 hxg6 23. Nd4 Kg7 24. h4 Rh8 25. g3 Qd6 26. Rb1 Ne4 27. Qg4 Nd2 28. b6 Nxf1 29. Kxf1 Rb8 30. Rb5 Rxb6 31. Rxa5 Rb1+ 32. Kg2 Qe5 33. Ra7 Qe4+ 34. Qxe4 dxe4 35. Nxe6+ Kh6 36. Rxf7 f5 37. Nf4 Ra1 38. Rf6 Rg8 39. h5 Kg5 40. Ra6 gxh5 41. Nh3+ Kg4 42. Nf4 h4 43. Nd5 Kg5 44. gxh4+ Kxh4+ 45. Kh2 Kg4 46. Kg2 Kh5+ 47. Kh2 Rg4 48. Nf6+ Kg5 49. Nxg4 Kxg4 50. Kg2 Ra2 51. Ra8 Kg5 52. a5 Kg6 53. Kg3 Kg7 54. a6 Kh7 55. a7 Kg7 56. f4 Rg2+ 57. Kxg2 1-0

[Event "December 12 Early 2023"]
[Site "https://www.chess.com"]
[Date "2023.12.12"]
[Round "7"]
[White "Latorre, Vincent"]
[Black "Skibbe, Willi"]
[Result "0-1"]
[Board "142"]
[TimeControl "180+1"]
[WhiteFideId "2636891"]
[BlackFideId "4682190"]
[WhiteElo "2422"]
[BlackElo "2290"]
[WhiteTeam "CAN"]
[BlackTeam "GER"]
[WhiteClock "0:00:12"]
[BlackClock "0:01:12"]

1. e4 e6 2. d4 d5 3. e5 c5 4. c3 Nc6 5. Nf3 Bd7 6. Be2 Nge7 7. dxc5 Ng6 8. b4 Ncxe5 9. Nxe5 Nxe5 10. O-O Be7 11. Nd2 O-O 12. f4 Ng6 13. a3 b6 14. cxb6 Qxb6+ 15. Kh1 Bf6 16. Bb2 Rfc8 17. Qb3 Qe3 18. Ba6 Qxd2 19. Bxc8 Rxc8 20. Rad1 Qe2 21. Rfe1 Qc4 22. Qxc4 Rxc4 23. f5 Nf4 24. g3 Nh3 25. Kg2 Ng5 26. fxe6 fxe6 27. Re3 d4 28. h4 Bc6+ 29. Kh2 Nf3+ 0-1

[Event "December 12 Early 2023"]
[Site "https://www.chess.com"]
[Date "2023.12.12"]
[Round "7"]
[White "Fernandez Siles, Luis"]
[Black "Rios Escobar, Adan"]
[Result "0-1"]
[Board "143"]
[TimeControl "180+1"]
[WhiteFideId "2209420"]
[BlackFideId "3403645"]
[WhiteElo "2307"]
[BlackElo "2420"]
[WhiteTeam "ESP"]
[BlackTeam "CHI"]
[WhiteClock "0:00:00"]
[BlackClock "0:00:03"]

1. e4 c6 2. d4 d5 3. exd5 cxd5 4. c4 Nf6 5. Nc3 Nc6 6. Bg5 Ne4 7. Nxe4 dxe4 8. d5 Ne5 9. Qd4 f6 10. Qxe4 g6 11. Bd2 Bf5 12. Qe3 Bg7 13. h3 O-O 14. g4 Bd7 15. f4 Nf7 16. Nf3 e6 17. dxe6 Bxe6 18. O-O-O Re8 19. Bc3 Qc7 20. Qd3 Rad8 21. Nd4 Qxf4+ 22. Kb1 Ne5 23. Qc2 Bf7 24. Be2 Nxc4 25. Rhf1 Qc7 26. Nb5 Qb6 27. Rxd8 Rxd8 28. Qa4 Ne3 29. Bd4 Rxd4 30. Qxd4 Qxd4 31. Nxd4 Nxf1 32. Bxf1 f5 33. Nb5 fxg4 34. hxg4 a6 35. Nd6 Bd5 36. Be2 Be5 37. Nc8 Kf7 38. Nb6 Be6 39. Nc4 Bf4 40. Kc2 Kf6 41. Kd3 Kg5 42. Na5 Bc8 43. Ke4 Bxg4 44. Bxg4 Kxg4 45. Nxb7 h5 46. Nc5 h4 47. Nd3 g5 0-1